AoeStats
← AxingQuestions

Arena

507606319Analyzed
4v4 RM · 13d ago on Sep 19, 2026· 57m 24s· 8 players
Game mode
Random Map
Map size
Large (8 player)
Population
200
Speed
Normal
Resources
Standard
Victory
Conquest
Starting age
Dark Age
Ending age
Imperial Age
RankedLock teamsTeams togetherTeam positionsShared explorationLock speedFull tech treeHidden civsTurbo modeCheats
Victory
Defeat
🇫🇷 Cumans · France
1260
+13
🇭🇷 Teutons · Croatia
1211
+15
🇺🇸 Sicilians · United States
1170
+17
🇮🇳 Persians · India
1149
+17
🇺🇸 Vikings · United States
1257
-19
🇮🇳 Goths · India
1181
-15
🇧🇷 Turks · Brazil
1181
-15
🇧🇸 Italians · Bahamas
1127
-13
Filip_jede_Meso
10:56 Feudal Age
14:54 Castle Age
13:11 Double-Bit Axe
13:07 Horse Collar
15:00 Loom
17:21 Bow Saw
17:59 Heavy Plow
22:53 Loom
23:45 Wheelbarrow
22:55 Town Watch
24:59 Gold Mining
25:02 Stone Mining
25:42 Hand Cart
27:40 Stone Shaft Mining
30:01 Imperial Age
27:21 Pikeman
28:01 Squires
28:04 Scale Mail Armor
28:14 Forging
28:42 Fortified Wall
29:16 Chain Mail Armor
30:11 Iron Casting
29:50 Masonry
30:06 Halberdier
31:18 Plate Mail Armor
32:18 Chemistry
32:59 Crenellations
32:31 Fletching
33:14 Ballistics
33:58 Blast Furnace
33:47 Bodkin Arrow
34:50 Siege Engineers
35:05 Capped Ram
35:06 Onager
37:08 Hoardings
36:54 Conscription
39:41 Siege Onager
40:50 Ironclad
53:01 Elite Teutonic Knight
55:42 Padded Archer Armor
Sahraoui
9:21 Feudal Age
9:54 Double-Bit Axe
9:53 Horse Collar
18:14 Loom
19:05 Wheelbarrow
19:51 Gold Mining
20:13 Forging
20:04 Scale Mail Armor
22:46 Castle Age
21:59 Man-at-Arms
22:51 Capped Ram
23:17 Pikeman
25:03 Squires
24:49 Arson
24:25 Long Swordsman
25:45 Bow Saw
27:13 Hand Cart
27:00 Heavy Plow
28:37 Chain Mail Armor
29:07 Iron Casting
33:28 Scale Barding Armor
33:28 Town Watch
33:58 Bloodlines
33:10 Light Cavalry
36:57 Imperial Age
34:54 Chain Barding Armor
37:07 Elite Steppe Lancer
38:50 Blast Furnace
38:26 Plate Barding Armor
41:01 Two-Handed Swordsman
45:00 Two-Man Saw
43:22 Champion
43:23 Halberdier
44:05 Town Patrol
44:37 Plate Mail Armor
43:59 Fletching
43:54 Hussar
56:28 Masonry
56:14 Murder Holes
GoldiLocks
10:29 Feudal Age
16:40 Castle Age
14:56 Horse Collar
15:24 Double-Bit Axe
16:51 Loom
18:04 Fletching
21:35 Heavy Plow
26:41 Scale Barding Armor
28:27 Chain Barding Armor
30:17 Forging
31:21 Gold Mining
32:28 Bloodlines
35:48 Wheelbarrow
41:43 Hand Cart
43:35 Gold Shaft Mining
44:18 Husbandry
47:25 Imperial Age
45:24 First Crusade
47:26 Capped Ram
48:50 Scale Mail Armor
48:30 Siege Ram
49:53 Forging
50:47 Padded Archer Armor
50:15 Elite Skirmisher
52:09 Leather Archer Armor
51:52 Bodkin Arrow
52:39 Bow Saw
53:00 Crop Rotation
53:16 Conscription
53:14 Chain Mail Armor
54:31 Bracer
54:37 Bracer
55:05 Guilds
56:08 Chemistry
55:31 Ballistics
55:50 Elite Serjeant
55:53 Pikeman
57:23 Arson
Butcher
10:02 Feudal Age
11:26 Loom
13:59 Castle Age
12:23 Double-Bit Axe
13:27 Horse Collar
16:47 Loom
16:57 Town Watch
22:20 Wheelbarrow
25:15 Stone Mining
25:16 Gold Mining
26:09 Hand Cart
27:46 Stone Shaft Mining
27:47 Gold Shaft Mining
30:17 Imperial Age
29:58 Scale Barding Armor
30:04 Forging
29:45 Fletching
30:39 Heavy Plow
31:30 Conscription
30:31 Elite War Elephant
31:25 Bloodlines
31:16 Husbandry
31:57 Bow Saw
33:58 Chain Barding Armor
34:15 Iron Casting
34:58 Crop Rotation
35:30 Two-Man Saw
35:56 Chemistry
35:17 Ballistics
36:19 Citadels
39:35 Plate Barding Armor
41:31 Blast Furnace
46:49 Thumb Ring
46:14 Crossbowman
47:21 Parthian Tactics
46:55 Bodkin Arrow
47:01 Padded Archer Armor
49:31 Elite Skirmisher
AxingQuestions
9:06 Loom
10:54 Feudal Age
15:19 Castle Age
13:43 Double-Bit Axe
14:10 Horse Collar
15:50 Fletching
16:09 Crossbowman
19:23 Bow Saw
20:21 Heavy Plow
20:46 Town Watch
22:39 Bodkin Arrow
23:52 Padded Archer Armor
23:49 Gold Mining
23:50 Stone Mining
26:13 Gold Shaft Mining
26:03 Leather Archer Armor
25:32 Treadmill Crane
26:27 Fortified Wall
28:18 Ballistics
28:10 Masonry
29:38 Town Patrol
32:45 Imperial Age
31:30 Murder Holes
31:57 Pikeman
32:38 Squires
32:23 Arson
32:40 Scale Mail Armor
32:51 Forging
33:42 Chain Mail Armor
33:05 Arbalester
33:48 Bracer
34:51 Chemistry
34:22 Architecture
34:24 Conscription
35:13 Chieftains
36:09 Bogsveigar
37:14 Ring Archer Armor
37:22 Iron Casting
38:15 Crop Rotation
38:29 Plate Mail Armor
38:24 Elite Berserk
41:13 Blast Furnace
42:09 Hoardings
42:58 Two-Man Saw
junior_nyc
10:49 Feudal Age
10:24 Loom
14:34 Castle Age
13:10 Double-Bit Axe
13:30 Horse Collar
15:01 Stone Mining
24:58 Bow Saw
26:32 Wheelbarrow
30:04 Imperial Age
28:15 Thumb Ring
28:02 Fletching
29:20 Bloodlines
29:44 Bodkin Arrow
31:07 Ballistics
31:48 Chemistry
32:33 Conscription
32:35 Forging
32:27 Bracer
32:45 Hand Cart
33:47 Padded Archer Armor
35:00 Light Cavalry
35:41 Husbandry
36:06 Scale Barding Armor
36:37 Iron Casting
36:02 Gold Mining
36:48 Stone Shaft Mining
35:52 Elite Genoese Crossbowman
37:53 Hussar
41:31 Chain Barding Armor
42:55 Silk Road
44:23 Caravan
48:24 Plate Barding Armor
48:37 Fortified Wall
49:49 Blast Furnace
54:38 Squires
HAHA
3:23 Loom
11:32 Feudal Age
16:17 Castle Age
14:52 Double-Bit Axe
15:36 Horse Collar
19:17 Gold Mining
23:00 Imperial Age
21:16 Bow Saw
22:03 Fletching
23:18 Bodkin Arrow
24:14 Heavy Plow
25:17 Wheelbarrow
25:24 Padded Archer Armor
27:33 Bombard Tower
28:30 Town Watch
29:15 Conscription
29:53 Bracer
37:40 Forging
41:29 Leather Archer Armor
43:05 Ring Archer Armor
51:21 Masonry
51:07 Murder Holes
51:33 Ballistics
50:53 Treadmill Crane
53:26 Caravan
55:08 Fortified Wall
55:29 Architecture
56:42 Bloodlines
56:32 Husbandry
57:03 Scale Barding Armor
58:06 Hand Cart
Madman
11:30 Feudal Age
15:37 Castle Age
14:50 Double-Bit Axe
14:47 Horse Collar
16:33 Heavy Plow
22:15 Bow Saw
23:07 Wheelbarrow
24:43 Hand Cart
24:41 Gold Mining
24:42 Stone Mining
25:23 Loom
25:24 Town Watch
29:30 Imperial Age
27:13 Forging
27:04 Scale Mail Armor
27:51 Murder Holes
28:12 Masonry
29:29 Iron Casting
29:10 Chain Mail Armor
28:29 Man-at-Arms
29:10 Squires
29:29 Long Swordsman
30:36 Conscription
32:57 Blast Furnace
31:31 Two-Handed Swordsman
33:20 Perfusion
38:11 Crop Rotation
37:14 Pikeman
37:28 Halberdier
40:49 Two-Man Saw
39:53 Town Patrol
41:16 Champion
Connection lost

Rejoining the realm…

Still unreachable

The connection could not be restored.

Session expired

The server has moved on; the page needs a fresh start.